2361 views
Uploaded 2022-04-26 02:59:44
Game version 1.32.10
15:23 long 4on4 ladder game on (8)Feralas_LV
Saved by BaDitO2
2361 views
Uploaded 2022-04-26 02:59:44
Game version 1.32.10
15:23 long 4on4 ladder game on (8)Feralas_LV


145 units @ 18.8k
/ 1.9k
101 buildings @ 11.2k
/ 4.2k



| Scroll of Regeneration | 2 | 200 |
| Lesser Clarity Potion | 2 | 140 |
| Ivory Tower | 2 | 80 |
| Scroll of Town Portal | 1 | 350 |
| total: | 7 | 770g |
| Peasant | 17 | 1275 | / | 0 |
| Footman | 8 | 1080 | / | 0 |
| Rifleman | 2 | 410 | / | 60 |
| Mortar Team | 5 | 900 | / | 350 |
| Spell Breaker | 3 | 645 | / | 90 |
| Priest | 2 | 270 | / | 20 |
| Knight | 2 | 490 | / | 120 |
| Forest Troll Berserker | 1 | 245 | / | 30 |
| Ogre Mauler | 1 | 300 | / | 0 |
| total: | 41 | 5615g | / | 670w |
| Farm | 14 | 1120 | / | 280 |
| Altar of Kings | 1 | 180 | / | 50 |
| Barracks | 1 | 160 | / | 60 |
| Town Hall | 1 | 385 | / | 205 |
| Blacksmith | 1 | 140 | / | 60 |
| Lumber Mill | 1 | 120 | / | 0 |
| Arcane Vault | 2 | 260 | / | 60 |
| Cannon Tower | 1 | 120 | / | 100 |
| Workshop | 1 | 140 | / | 140 |
| Arcane Sanctum | 1 | 150 | / | 140 |
| Keep | 1 | 320 | / | 210 |
| Castle | 1 | 360 | / | 210 |
| total: | 23 | 2655g | / | 995w |
| 0:03 | Peasant |
| 0:03 | Peasant |
| 0:16 | Farm |
| 0:20 | Altar of Kings |
| 0:26 | Barracks |
| 0:30 | Peasant |
| 0:44 | Peasant |
| 0:55 | Farm |
| 0:59 | Farm |
| 1:01 | Peasant |
| 1:17 | Peasant |
| 1:30 | Footman |
| 1:33 | Peasant |
| 1:38 | Farm |
| 1:48 | Peasant |
| 1:52 | Footman |
| 2:07 | Peasant |
| 2:16 | Footman |
| 2:23 | Peasant |
| 2:29 | Thunder Clap |
| 2:36 | Footman |
| 2:50 | Footman |
| 3:20 | Keep |
| 3:34 | Bash |
| 4:04 | Town Hall |
| 5:04 | Peasant |
| 5:07 | Footman |
| 5:09 | Blacksmith |
| 5:12 | Lumber Mill |
| 5:28 | Footman |
| 5:36 | Forest Troll Berserker |
| 5:54 | Farm |
| 5:58 | Peasant |
| 5:58 | Peasant |
| 6:00 | Footman |
| 6:18 | Thunder Clap |
| 6:54 | Peasant |
| 6:56 | Farm |
| 6:58 | Workshop |
| 7:39 | Rifleman |
| 7:39 | Rifleman |
| 7:40 | Castle |
| 7:42 | Black Gunpowder |
| 7:42 | Iron Forged Swords |
| 7:43 | Farm |
| 7:45 | Bash |
| 8:32 | Farm |
| 8:33 | Mortar Team |
| 8:41 | Arcane Vault |
| 8:57 | Siphon Mana |
| 9:18 | Farm |
| 9:19 | Mortar Team |
| 9:20 | Mortar Team |
| 9:21 | Improved Masonry |
| 9:22 | Long Rifles |
| 9:23 | Farm |
| 9:29 | Arcane Sanctum |
| 9:36 | Farm |
| 9:38 | Scroll of Regeneration |
| 9:44 | Farm |
| 9:48 | Scroll of Town Portal |
| 9:49 | Lesser Clarity Potion |
| 9:54 | Ivory Tower |
| 9:54 | Ivory Tower |
| 9:55 | Lesser Clarity Potion |
| 9:55 | Scroll of Regeneration |
| 10:02 | Peasant |
| 10:02 | Peasant |
| 10:02 | Peasant |
| 10:46 | Farm |
| 10:46 | Farm |
| 10:49 | Fragmentation Shards |
| 10:49 | Flare |
| 10:59 | Banish |
| 11:20 | Ogre Mauler |
| 11:26 | Thunder Clap |
| 12:15 | Arcane Vault |
| 12:18 | Spell Breaker |
| 12:18 | Spell Breaker |
| 12:19 | Spell Breaker |
| 12:19 | Priest |
| 12:19 | Priest |
| 12:21 | Knight |
| 12:21 | Knight |
| 12:23 | Refined Gunpowder |
| 12:25 | Mortar Team |
| 12:25 | Mortar Team |
| 12:57 | Advanced Masonry |
| 12:59 | Steel Forged Swords |
| 14:33 | Cannon Tower |
| 14:44 | Siphon Mana |
| 14:46 | Holy Light |
| Right click | 371 |
| Select | 265 |
| Build/train/purchase | 112 |
| Select group | 72 |
| Misc. action | 67 |
| Assign group | 25 |
| Use ability | 23 |
| Chat | 23 |
| Item give/drop | 1 |
| Remove unit | 1 |
| Minimap ping | 1 |


| Healing Salve | 5 | 500 |
| Lesser Clarity Potion | 4 | 280 |
| Scroll of Speed | 2 | 100 |
| Potion of Mana | 1 | 200 |
| Orb of Lightning | 1 | 375 |
| Scroll of Town Portal | 2 | 700 |
| total: | 15 | 2155g |
| Peon | 11 | 825 | / | 0 |
| Troll Headhunter | 9 | 1260 | / | 180 |
| Troll Berserker | 2 | 280 | / | 40 |
| Demolisher | 2 | 440 | / | 100 |
| Forest Troll Shadow Priest | 1 | 195 | / | 10 |
| Ogre Mauler | 1 | 300 | / | 0 |
| Mud Golem | 1 | 145 | / | 10 |
| total: | 27 | 3445g | / | 340w |
| War Mill | 1 | 205 | / | 0 |
| Barracks | 2 | 360 | / | 100 |
| Altar of Storms | 1 | 180 | / | 50 |
| Orc Burrow | 7 | 1120 | / | 280 |
| Voodoo Lounge | 1 | 130 | / | 30 |
| Great Hall | 1 | 385 | / | 185 |
| Stronghold | 1 | 315 | / | 190 |
| Fortress | 1 | 325 | / | 190 |
| total: | 13 | 2380g | / | 645w |
| 0:04 | Peon |
| 0:04 | Peon |
| 0:04 | Peon |
| 0:24 | Peon |
| 0:36 | Peon |
| 0:57 | War Mill |
| 1:06 | Barracks |
| 1:08 | Altar of Storms |
| 1:12 | Orc Burrow |
| 1:19 | Peon |
| 1:53 | Voodoo Lounge |
| 2:05 | Orc Burrow |
| 2:10 | Troll Headhunter |
| 2:30 | Troll Headhunter |
| 2:58 | Troll Headhunter |
| 3:07 | War Stomp |
| 3:19 | Healing Salve |
| 3:19 | Healing Salve |
| 3:27 | Troll Headhunter |
| 3:28 | Peon |
| 3:30 | Lesser Clarity Potion |
| 4:03 | Great Hall |
| 4:36 | Endurance Aura |
| 4:55 | Stronghold |
| 4:57 | Troll Headhunter |
| 5:04 | Troll Headhunter |
| 5:18 | Orc Burrow |
| 5:32 | Forest Troll Shadow Priest |
| 6:00 | Barracks |
| 6:14 | War Stomp |
| 7:12 | Peon |
| 7:13 | Peon |
| 7:13 | Peon |
| 7:13 | Peon |
| 7:22 | Fortress |
| 7:37 | Troll Headhunter |
| 7:47 | Endurance Aura |
| 8:19 | Hex |
| 8:21 | Healing Salve |
| 8:21 | Healing Salve |
| 8:21 | Lesser Clarity Potion |
| 8:22 | Scroll of Speed |
| 8:40 | Ogre Mauler |
| 8:40 | Mud Golem |
| 8:49 | Troll Headhunter |
| 8:51 | Orc Burrow |
| 8:51 | Orc Burrow |
| 8:54 | Steel Ranged Weapons |
| 9:21 | Troll Headhunter |
| 9:41 | Healing Salve |
| 9:45 | Lesser Clarity Potion |
| 9:47 | Potion of Mana |
| 9:47 | Orb of Lightning |
| 9:51 | Berserker Upgrade |
| 9:52 | Troll Regeneration |
| 9:56 | Lesser Clarity Potion |
| 10:04 | Scroll of Town Portal |
| 10:08 | Scroll of Speed |
| 10:40 | Troll Berserker |
| 10:52 | Demolisher |
| 11:13 | Healing Wave |
| 11:22 | Burning Oil |
| 11:41 | War Stomp |
| 12:19 | Healing Wave |
| 12:25 | Troll Berserker |
| 12:33 | Thorium Ranged Weapons |
| 12:58 | Scroll of Town Portal |
| 13:08 | Demolisher |
| 13:19 | Orc Burrow |
| 13:53 | Hex |
| 14:11 | Orc Burrow |
| 14:55 | Arcanite Ranged Weapons |
| Select group | 462 |
| Select | 314 |
| Right click | 286 |
| Build/train/purchase | 78 |
| Misc. action | 63 |
| Use ability | 28 |
| Assign group | 25 |
| Resource trade | 4 |
| Item give/drop | 1 |

| Scroll of Regeneration | 4 | 400 |
| Lesser Clarity Potion | 2 | 140 |
| Scroll of Healing | 1 | 250 |
| Scroll of Town Portal | 1 | 350 |
| total: | 8 | 1140g |
| Peasant | 15 | 1125 | / | 0 |
| Footman | 19 | 2565 | / | 0 |
| Priest | 1 | 135 | / | 10 |
| Sorceress | 12 | 1860 | / | 240 |
| Knight | 3 | 735 | / | 180 |
| total: | 50 | 6420g | / | 430w |
| Scout Tower | 7 | 210 | / | 140 |
| Arcane Tower | 1 | 70 | / | 50 |
| Guard Tower | 4 | 280 | / | 200 |
| Altar of Kings | 1 | 180 | / | 50 |
| Farm | 10 | 800 | / | 200 |
| Barracks | 3 | 480 | / | 180 |
| Arcane Vault | 1 | 130 | / | 30 |
| Town Hall | 1 | 385 | / | 205 |
| Lumber Mill | 1 | 120 | / | 0 |
| Blacksmith | 2 | 280 | / | 120 |
| Arcane Sanctum | 1 | 150 | / | 140 |
| Keep | 1 | 320 | / | 210 |
| Castle | 1 | 360 | / | 210 |
| total: | 27 | 2735g | / | 1065w |
| 0:04 | Peasant |
| 0:04 | Peasant |
| 0:08 | Altar of Kings |
| 0:20 | Farm |
| 0:23 | Barracks |
| 0:25 | Peasant |
| 0:36 | Farm |
| 0:47 | Peasant |
| 1:05 | Peasant |
| 1:20 | Peasant |
| 1:24 | Footman |
| 1:29 | Peasant |
| 1:36 | Footman |
| 1:42 | Arcane Vault |
| 1:51 | Farm |
| 2:04 | Footman |
| 2:10 | Peasant |
| 2:13 | Flame Strike |
| 2:35 | Farm |
| 2:35 | Peasant |
| 2:37 | Footman |
| 2:49 | Peasant |
| 2:50 | Peasant |
| 3:01 | Footman |
| 3:37 | Siphon Mana |
| 3:47 | Peasant |
| 3:53 | Town Hall |
| 3:56 | Lumber Mill |
| 4:00 | Scout Tower |
| 4:02 | Scout Tower |
| 4:07 | Scout Tower |
| 4:14 | Scroll of Regeneration |
| 4:38 | Farm |
| 4:41 | Farm |
| 4:45 | Arcane Tower |
| 4:57 | Defend |
| 4:58 | Guard Tower |
| 5:22 | Guard Tower |
| 5:28 | Footman |
| 5:51 | Scroll of Regeneration |
| 5:51 | Lesser Clarity Potion |
| 5:54 | Footman |
| 6:08 | Footman |
| 6:29 | Improved Lumber Harvesting |
| 6:30 | Keep |
| 6:31 | Footman |
| 6:31 | Footman |
| 6:32 | Footman |
| 7:11 | Footman |
| 7:22 | Blacksmith |
| 7:24 | Footman |
| 7:29 | Blacksmith |
| 7:31 | Scroll of Regeneration |
| 7:34 | Flame Strike |
| 7:40 | Footman |
| 8:03 | Scroll of Healing |
| 9:11 | Footman |
| 9:11 | Footman |
| 9:11 | Footman |
| 9:11 | Footman |
| 9:12 | Castle |
| 9:16 | Arcane Sanctum |
| 9:22 | Banish |
| 9:57 | Footman |
| 10:50 | Priest |
| 10:51 | Sorceress |
| 10:55 | Barracks |
| 10:57 | Scroll of Regeneration |
| 10:59 | Scroll of Town Portal |
| 11:02 | Lesser Clarity Potion |
| 11:05 | Flame Strike |
| 11:14 | Advanced Lumber Harvesting |
| 11:19 | Barracks |
| 11:33 | Sorceress |
| 11:34 | Sorceress |
| 11:34 | Sorceress |
| 11:52 | Scout Tower |
| 11:54 | Scout Tower |
| 11:55 | Scout Tower |
| 11:56 | Scout Tower |
| 11:59 | Peasant |
| 12:00 | Peasant |
| 12:00 | Peasant |
| 12:05 | Farm |
| 12:09 | Guard Tower |
| 12:22 | Sorceress |
| 12:22 | Sorceress |
| 12:23 | Sorceress |
| 12:58 | Animal War Training |
| 13:17 | Sorceress |
| 13:19 | Knight |
| 13:22 | Farm |
| 13:36 | Summon Phoenix |
| 13:59 | Knight |
| 14:00 | Farm |
| 14:50 | Farm |
| 14:52 | Guard Tower |
| 14:54 | Knight |
| 14:56 | Sorceress |
| 14:56 | Sorceress |
| 14:57 | Sorceress |
| 14:57 | Sorceress |
| Right click | 628 |
| Select | 183 |
| Select group | 163 |
| Build/train/purchase | 102 |
| Chat | 42 |
| Assign group | 30 |
| Use ability | 23 |
| Resource trade | 22 |
| Misc. action | 10 |
| Esc | 7 |


| Scroll of Regeneration | 1 | 100 |
| total: | 1 | 100g |
| Peasant | 16 | 1200 | / | 0 |
| Rifleman | 7 | 1435 | / | 210 |
| Mortar Team | 4 | 720 | / | 280 |
| total: | 27 | 3355g | / | 490w |
| Scout Tower | 13 | 390 | / | 260 |
| Arcane Tower | 1 | 70 | / | 50 |
| Guard Tower | 6 | 420 | / | 300 |
| Farm | 13 | 1040 | / | 260 |
| Altar of Kings | 2 | 360 | / | 100 |
| Blacksmith | 1 | 140 | / | 60 |
| Barracks | 2 | 320 | / | 120 |
| Lumber Mill | 2 | 240 | / | 0 |
| Town Hall | 1 | 385 | / | 205 |
| Arcane Vault | 1 | 130 | / | 30 |
| Workshop | 3 | 420 | / | 420 |
| Keep | 1 | 320 | / | 210 |
| Castle | 1 | 360 | / | 210 |
| total: | 38 | 3425g | / | 1455w |
| 0:13 | Peasant |
| 0:14 | Peasant |
| 0:14 | Peasant |
| 0:14 | Peasant |
| 0:14 | Peasant |
| 0:14 | Peasant |
| 0:14 | Peasant |
| 0:15 | Peasant |
| 1:01 | Peasant |
| 1:01 | Peasant |
| 1:04 | Farm |
| 1:06 | Altar of Kings |
| 1:11 | Altar of Kings |
| 1:12 | Peasant |
| 1:12 | Peasant |
| 1:45 | Scout Tower |
| 1:47 | Farm |
| 1:54 | Blacksmith |
| 2:02 | Peasant |
| 2:02 | Peasant |
| 2:05 | Farm |
| 2:18 | Peasant |
| 2:21 | Farm |
| 2:26 | Farm |
| 2:30 | Barracks |
| 2:41 | Farm |
| 2:47 | Scout Tower |
| 3:37 | Arcane Tower |
| 3:41 | Farm |
| 3:44 | Rifleman |
| 3:44 | Rifleman |
| 3:48 | Scout Tower |
| 3:52 | Rifleman |
| 3:52 | Rifleman |
| 3:54 | Black Arrow |
| 4:17 | Scout Tower |
| 4:18 | Farm |
| 4:29 | Barracks |
| 4:44 | Rifleman |
| 4:44 | Rifleman |
| 4:47 | Peasant |
| 5:00 | Farm |
| 5:21 | Rifleman |
| 5:56 | Keep |
| 6:00 | Black Gunpowder |
| 6:25 | Lumber Mill |
| 6:33 | Silence |
| 6:56 | Scout Tower |
| 6:58 | Scout Tower |
| 7:00 | Scout Tower |
| 7:05 | Town Hall |
| 7:09 | Scout Tower |
| 7:16 | Arcane Vault |
| 7:35 | Scout Tower |
| 7:37 | Scout Tower |
| 7:39 | Guard Tower |
| 7:46 | Scout Tower |
| 7:50 | Guard Tower |
| 8:04 | Black Arrow |
| 8:20 | Guard Tower |
| 8:25 | Farm |
| 8:27 | Guard Tower |
| 8:29 | Guard Tower |
| 8:42 | Scout Tower |
| 8:49 | Long Rifles |
| 9:21 | Farm |
| 9:25 | Farm |
| 9:33 | Scroll of Regeneration |
| 10:00 | Castle |
| 10:08 | Workshop |
| 10:11 | Workshop |
| 10:16 | Divine Shield |
| 10:32 | Scout Tower |
| 10:34 | Guard Tower |
| 10:39 | Improved Masonry |
| 10:42 | Refined Gunpowder |
| 10:42 | Studded Leather Armor |
| 11:46 | Silence |
| 11:54 | Farm |
| 12:13 | Devotion Aura |
| 12:56 | Imbued Gunpowder |
| 13:18 | Fragmentation Shards |
| 13:20 | Mortar Team |
| 13:26 | Lumber Mill |
| 13:30 | Workshop |
| 14:06 | Divine Shield |
| 14:19 | Barrage |
| 14:19 | Mortar Team |
| 15:06 | Mortar Team |
| 15:06 | Mortar Team |
| 15:12 | Improved Lumber Harvesting |
| Right click | 307 |
| Select | 244 |
| Build/train/purchase | 62 |
| Misc. action | 26 |
| Chat | 5 |
| Resource trade | 4 |
| Esc | 3 |
| Item give/drop | 1 |
/ 2.1k
60 buildings @ 9.2k
/ 4k

| Peon | 11 | 825 | / | 0 |
| Grunt | 12 | 2400 | / | 0 |
| total: | 23 | 3225g | / | 0w |
| Watch Tower | 7 | 770 | / | 560 |
| Altar of Storms | 1 | 180 | / | 50 |
| Orc Burrow | 6 | 960 | / | 240 |
| Barracks | 2 | 360 | / | 100 |
| War Mill | 1 | 205 | / | 0 |
| Stronghold | 1 | 315 | / | 190 |
| total: | 17 | 2475g | / | 950w |
| 0:04 | Altar of Storms |
| 0:06 | Orc Burrow |
| 0:07 | Peon |
| 0:07 | Peon |
| 0:38 | Barracks |
| 0:43 | Peon |
| 1:06 | Peon |
| 1:06 | Peon |
| 1:58 | Barracks |
| 2:00 | Grunt |
| 2:14 | Orc Burrow |
| 2:26 | Peon |
| 2:39 | Feral Spirit |
| 2:55 | Orc Burrow |
| 3:50 | Grunt |
| 3:51 | Grunt |
| 4:10 | Stronghold |
| 5:08 | Grunt |
| 5:08 | Grunt |
| 5:19 | War Mill |
| 6:15 | Grunt |
| 6:23 | Orc Burrow |
| 6:51 | Steel Melee Weapons |
| 6:52 | Steel Armor |
| 6:54 | Peon |
| 6:59 | Watch Tower |
| 7:03 | Watch Tower |
| 7:30 | Grunt |
| 7:31 | Grunt |
| 7:35 | Berserker Strength |
| 7:46 | Chain Lighting |
| 8:12 | Watch Tower |
| 8:45 | Grunt |
| 8:59 | Watch Tower |
| 9:08 | Peon |
| 9:34 | Grunt |
| 9:42 | Watch Tower |
| 10:25 | Grunt |
| 10:53 | Grunt |
| 11:11 | Watch Tower |
| 12:36 | Peon |
| 12:37 | Peon |
| 13:17 | Peon |
| 13:23 | Orc Burrow |
| 13:28 | Orc Burrow |
| 14:22 | Watch Tower |
| Right click | 198 |
| Select | 166 |
| Build/train/purchase | 39 |
| Chat | 17 |
| Misc. action | 5 |
| Use ability | 5 |
| Remove unit | 3 |


| Peasant | 16 | 1200 | / | 0 |
| Rifleman | 14 | 2870 | / | 420 |
| Mortar Team | 4 | 720 | / | 280 |
| total: | 34 | 4790g | / | 700w |
| Altar of Kings | 1 | 180 | / | 50 |
| Barracks | 2 | 320 | / | 120 |
| Farm | 6 | 480 | / | 120 |
| Blacksmith | 1 | 140 | / | 60 |
| Lumber Mill | 1 | 120 | / | 0 |
| Town Hall | 3 | 1155 | / | 615 |
| Workshop | 2 | 280 | / | 280 |
| Keep | 1 | 320 | / | 210 |
| total: | 16 | 2675g | / | 1245w |
| 0:05 | Peasant |
| 0:14 | Altar of Kings |
| 0:17 | Barracks |
| 0:20 | Farm |
| 0:23 | Peasant |
| 0:41 | Peasant |
| 0:58 | Peasant |
| 1:23 | Blacksmith |
| 1:31 | Peasant |
| 1:31 | Peasant |
| 1:31 | Peasant |
| 1:49 | Farm |
| 1:50 | Peasant |
| 2:07 | Peasant |
| 2:32 | Farm |
| 2:35 | Rifleman |
| 2:41 | Lumber Mill |
| 2:53 | Peasant |
| 3:04 | Rifleman |
| 3:37 | Keep |
| 3:48 | Farm |
| 4:07 | Rifleman |
| 4:30 | Barracks |
| 4:42 | Rifleman |
| 4:49 | Blizzard |
| 5:20 | Rifleman |
| 5:37 | Rifleman |
| 5:39 | Farm |
| 5:46 | Improved Lumber Harvesting |
| 5:59 | Rifleman |
| 6:07 | Iron Forged Swords |
| 6:17 | Farm |
| 7:18 | Workshop |
| 7:54 | Town Hall |
| 8:02 | Flame Strike |
| 8:35 | Mortar Team |
| 8:38 | Workshop |
| 9:09 | Mortar Team |
| 9:23 | Rifleman |
| 10:01 | Peasant |
| 10:01 | Peasant |
| 10:42 | Peasant |
| 10:52 | Peasant |
| 10:52 | Peasant |
| 11:11 | Town Hall |
| 11:20 | Town Hall |
| 11:26 | Peasant |
| 12:21 | Rifleman |
| 12:44 | Rifleman |
| 13:09 | Mortar Team |
| 13:19 | Mortar Team |
| 14:05 | Rifleman |
| 14:47 | Rifleman |
| 14:49 | Rifleman |
| 14:54 | Rifleman |
| Select | 417 |
| Right click | 280 |
| Build/train/purchase | 48 |
| Misc. action | 10 |
| Use ability | 10 |
| Remove unit | 2 |
| Minimap ping | 1 |


| Wisp | 19 | 1140 | / | 0 |
| Dryad | 4 | 580 | / | 240 |
| Mountain Giant | 3 | 1050 | / | 300 |
| Druid of the Claw | 2 | 510 | / | 160 |
| total: | 28 | 3280g | / | 700w |
| Altar of Elders | 1 | 180 | / | 50 |
| Moon Well | 6 | 1080 | / | 240 |
| Hunter's Hall | 1 | 210 | / | 100 |
| Ancient of Wonders | 1 | 90 | / | 30 |
| Ancient of Lore | 3 | 465 | / | 435 |
| Tree of Ages | 1 | 320 | / | 180 |
| Tree of Eternity | 1 | 330 | / | 200 |
| total: | 12 | 2025g | / | 855w |
| 0:03 | Wisp |
| 0:03 | Wisp |
| 0:11 | Altar of Elders |
| 0:19 | Wisp |
| 0:26 | Moon Well |
| 0:31 | Wisp |
| 0:34 | Wisp |
| 0:35 | Wisp |
| 0:35 | Wisp |
| 0:35 | Wisp |
| 0:35 | Wisp |
| 1:29 | Moon Well |
| 1:35 | Wisp |
| 1:36 | Wisp |
| 2:02 | Wisp |
| 2:13 | Tree of Ages |
| 2:19 | Immolation |
| 2:31 | Moon Well |
| 3:25 | Evasion |
| 3:31 | Hunter's Hall |
| 3:45 | Ancient of Wonders |
| 3:50 | Moon Well |
| 4:36 | Ancient of Lore |
| 4:38 | Ancient of Lore |
| 4:41 | Ancient of Lore |
| 4:43 | Wisp |
| 4:43 | Wisp |
| 4:53 | Wisp |
| 4:53 | Wisp |
| 5:25 | Moon Well |
| 5:28 | Wisp |
| 5:52 | Dryad |
| 5:55 | Dryad |
| 5:56 | Dryad |
| 6:20 | Moon Well |
| 6:23 | Wisp |
| 6:23 | Wisp |
| 6:46 | Mountain Giant |
| 7:10 | Force of Nature |
| 7:46 | Mountain Giant |
| 8:09 | Mountain Giant |
| 8:13 | Strength of the Wild |
| 8:31 | Evasion |
| 8:46 | Druid of the Claw |
| 8:47 | Druid of the Claw Adept Training |
| 9:24 | Druid of the Claw |
| 10:21 | Tree of Eternity |
| 11:17 | Reinforced Hides |
| 11:20 | Dryad |
| 11:50 | Entangling Roots |
| 13:15 | Hardened Skin |
| 13:15 | Resistant Skin |
| 13:47 | Immolation |
| Right click | 529 |
| Select | 292 |
| Build/train/purchase | 87 |
| Misc. action | 42 |
| Select group | 34 |
| Use ability | 7 |
| Assign group | 4 |
| Remove unit | 1 |

| Peasant | 15 | 1125 | / | 0 |
| Footman | 7 | 945 | / | 0 |
| Flying Machine | 16 | 1600 | / | 480 |
| Knight | 4 | 980 | / | 240 |
| total: | 42 | 4650g | / | 720w |
| Scout Tower | 3 | 90 | / | 60 |
| Guard Tower | 3 | 210 | / | 150 |
| Altar of Kings | 1 | 180 | / | 50 |
| Barracks | 1 | 160 | / | 60 |
| Farm | 4 | 320 | / | 80 |
| Lumber Mill | 1 | 120 | / | 0 |
| Blacksmith | 1 | 140 | / | 60 |
| Town Hall | 2 | 770 | / | 410 |
| Workshop | 2 | 280 | / | 280 |
| Keep | 1 | 320 | / | 210 |
| Castle | 1 | 360 | / | 210 |
| total: | 15 | 2060g | / | 1000w |
| 0:03 | Peasant |
| 0:04 | Peasant |
| 0:15 | Altar of Kings |
| 0:23 | Barracks |
| 0:37 | Farm |
| 0:40 | Peasant |
| 0:52 | Peasant |
| 1:01 | Lumber Mill |
| 1:12 | Peasant |
| 1:17 | Farm |
| 1:35 | Footman |
| 1:46 | Footman |
| 1:53 | Farm |
| 2:02 | Footman |
| 2:14 | Peasant |
| 2:19 | Improved Lumber Harvesting |
| 2:31 | Farm |
| 2:40 | Holy Light |
| 3:00 | Footman |
| 3:02 | Footman |
| 3:13 | Blacksmith |
| 3:52 | Keep |
| 4:21 | Divine Shield |
| 4:38 | Town Hall |
| 4:51 | Town Hall |
| 5:07 | Scout Tower |
| 5:21 | Iron Forged Swords |
| 6:05 | Scout Tower |
| 6:07 | Guard Tower |
| 6:20 | Peasant |
| 6:21 | Peasant |
| 6:30 | Workshop |
| 6:35 | Scout Tower |
| 6:36 | Guard Tower |
| 7:34 | Guard Tower |
| 7:39 | Workshop |
| 7:41 | Flying Machine |
| 7:43 | Castle |
| 8:38 | Footman |
| 8:38 | Footman |
| 8:42 | Flying Machine |
| 8:44 | Flying Machine |
| 8:52 | Peasant |
| 8:52 | Peasant |
| 9:05 | Advanced Lumber Harvesting |
| 9:08 | Flying Machine |
| 9:09 | Flying Machine |
| 9:17 | Iron Plating |
| 9:28 | Flying Machine |
| 10:02 | Flying Machine |
| 10:12 | Flying Machine Bombs |
| 10:21 | Flak Cannons |
| 10:26 | Peasant |
| 10:27 | Peasant |
| 10:35 | Flying Machine |
| 10:37 | Flying Machine |
| 10:52 | Flying Machine |
| 10:53 | Flying Machine |
| 11:23 | Flying Machine |
| 11:23 | Flying Machine |
| 11:24 | Flying Machine |
| 11:24 | Flying Machine |
| 12:39 | Knight |
| 12:40 | Knight |
| 12:40 | Knight |
| 12:41 | Knight |
| 12:48 | Peasant |
| 12:48 | Peasant |
| 12:52 | Peasant |
| 13:49 | Animal War Training |
| 14:29 | Flying Machine |
| 14:52 | Divine Shield |
| Right click | 345 |
| Select | 199 |
| Build/train/purchase | 62 |
| Use ability | 8 |
| Misc. action | 3 |
| Remove unit | 2 |
⇛